 Dungeon Crawl Stone Soup version 0.31.0-12-g77e489cdc1 (webtiles) character file.

Game seed: 14712762231995646383

58 FexLirch the Scratcher (level 3, -1/18 HPs)
             Began as a Felid Shapeshifter on Feb 21, 2024.
             Was an Initiate of Ru.
             Slain by Pargi (7 damage)
             ... on level 3 of the Dungeon.
             The game lasted 00:06:56 (1781 turns).

FexLirch the Scratcher (Felid Shapeshifter)         Turns: 1781, Time: 00:06:56

Health: -1/18      AC:  1    Str: 18    XL:     3   Next: 75%
Magic:  4/4        EV: 18    Int: 13    God:    Ru [......]
Gold:   151        SH:  0    Dex: 15    Spells: 2/2 levels left
                                        Lives:  0   Deaths: 1

rFire   . .          .
                       - Unarmed
rCold   . . .        (shield unavailable)
rNeg    . . .        (body armour unavailable)
rPois   .            (helmet unavailable)
rElec   .            (cloak unavailable)
rCorr   .            (gloves unavailable)
SInv    +            (boots unavailable)
Will    .....        (no amulet)
Stlth   +            h - +6 ring of strength
HPRegen 0.23/turn    (no ring)
MPRegen 0.09/turn

%: no passive effects
@: beast-form
A: beast (slay +1), very small, claws 1, fangs 3, see invisible, shaggy fur 1,
stealthy paws, no weapons or thrown items, no armour, multi-lived
a: Begin Untransformation, Renounce Religion


You were on level 3 of the Dungeon.
You worshipped Ru.
Ru was noncommittal.
You were a hulking beast.
You visited 1 branch of the dungeon, and saw 3 of its levels.

You collected 151 gold pieces.

Inventory:

Jewellery
 h - a +6 ring of strength (left paw)
Talismans
 b - a beast talisman
 c - a flux talisman
Scrolls
 e - a scroll of enchant armour {unknown}
 f - a scroll of fear {unknown}
 j - 4 scrolls of identify {unknown}
 o - a scroll of teleportation {unknown}
Potions
 a - a potion of lignification
 d - a potion of attraction {unknown}
 g - a potion of ambrosia {unknown}
 i - a potion of experience {unknown}
 k - a potion of brilliance {unknown}
 l - a potion of might {unknown}
 m - a potion of curing
 n - a potion of heal wounds {unknown}


   Skills:
 + Level 1.6 Fighting
 + Level 3.4 Dodging
 * Level 3.6 Unarmed Combat
 * Level 3.2 Shapeshifting


You had 2 spell levels left.
You didn't know any spells.
Your spell library contained the following spells:

 Spells                   Type           Power      Damage    Failure   Level
 Foxfire                  Conj/Fire      0%         2x1d4     30%         1
 Tukima's Dance           Hex            0%         N/A       67%         3
 Iskenderun's Mystic Bla  Conj/Tloc      0%         2d3       97%         4
 Plasma Beam              Fire/Air       0%         2x1d10    100%        6
 Starburst                Conj/Fire      0%         6d3       100%        6
 Dimensional Bullseye     Hex/Tloc       Unusable   N/A       N/A         4

Dungeon Overview and Level Annotations

Branches:
Dungeon (3/15)

Altars:
Ru

Annotations:
D:3 Pargi


Innate Abilities, Weirdness & Mutations

You are a hulking beast.
Your limbs bulge with bestial killing power. (Slay +1)
You have sharp claws.
You have razor-sharp teeth.
You have supernaturally acute eyesight. (SInv)
You are covered in fur. (AC +1)
Your paws help you pounce on unaware monsters.
You are incapable of wielding weapons or throwing items.
You cannot wear armour.
You gain extra lives every three experience levels.


Message History

The hound is severely wounded.
The hound closely misses you. The hound bites you.
* * * LOW HITPOINT WARNING * * *
The gnoll hits you from afar with a +0 spear.
You die...
Your shape twists and changes as you die.
You rejoin the land of the living...
The hound barely misses you. The hound misses you.
The hound closely misses you. The hound barely misses you. The hound bites you.
Pargi shouts!
The hound closely misses you. Pargi misses you. Pargi completely misses you.
Pargi closely misses you.
You closely miss Pargi. Your claw misses Pargi. Your bite misses Pargi.
The hound misses you.
You claw Pargi!
Pargi is lightly wounded.
The hound bites you but does no damage. Pargi misses you. Pargi claws you.
Pargi misses you. The hound completely misses you.
You scratch Pargi.
Pargi is moderately wounded.
Pargi barely misses you. Pargi misses you. x2
The hound stops to sniff the ground.
The hound barely misses you.
You scratch Pargi but do no damage. Your bite misses Pargi.
Pargi is moderately wounded.
The hound bites you but does no damage. The gnoll closely misses you.
Pargi misses you. Pargi claws you. x2
You barely miss Pargi.
Pargi is moderately wounded.
The hound barely misses you. The gnoll closely misses you.
Pargi looks around nervously.
Pargi misses you. Pargi completely misses you. Pargi misses you.
The hound barely misses you.
You scratch Pargi but do no damage.
Pargi is moderately wounded.
The hound misses you.
The gnoll hits you from afar with a +0 spear.
Pargi bites you!
You die...

.....# #... . ###.....####.....
#....# ..... #. #.......##..#...
#....##...# #.##..........##...
##.......# #.........<#####.##
#.....#.#### #.=##......###^..#
............###..##..........####
.#........#....<##..........#####
.###...........T.#g..............
..............##hh...............
.................##...[.........?
....).........##..#....##........
..............##..#.#####........
.......##########..[### #........
..........####........# ........
......###.)..#........# $.......
......######..........###g..###.#
..................†......


You could see Pargi, a hound and a gnoll.

Vanquished Creatures
  An adder (D:2)
  3 ribbon worms
  A dart slug (D:1)
  5 endoplasms (D:1)
  3 giant cockroaches
  4 goblins (D:1)
  2 hobgoblins (D:1)
  2 quokkas (D:1)
  7 ball pythons
  3 bats (D:1)
  3 frilled lizards
  A kobold (D:1)
  2 rats
37 creatures vanquished.

Notes
Turn   | Place    | Note
-------+----------+-------------------------------------------
     0 | D:1      | FexLirch the Felid Shapeshifter began the quest for the
                  | Orb.
     0 | D:1      | Reached XP level 1. HP: 10/10 MP: 2/2
   156 | D:1      | Reached XP level 2. HP: 6/14 MP: 3/3
   607 | D:1      | Reached XP level 3. HP: 18/18 MP: 4/4
  1202 | D:2      | Found a sacrificial altar of Ru.
  1207 | D:2      | Became a worshipper of Ru the Awakened
  1545 | D:3      | Identified the +8 dagger of Moalar {venom, *Slow rC+++
                  | Str+5 Stlth+}
  1567 | D:3      | Noticed Pargi
  1757 | D:3      | Slain by a gnoll
  1757 | D:3      | Lost a life (0 lives remaining)
  1781 | D:3      | Slain by Pargi

Illustrated notes

Levels and vault maps discovered:
D:1:      scummos_arrival_hexagon, layout_basic
D:2:      layout_loops_ring, basic_altar
D:3:      layout_rooms, serial_shops, nicolae_shop_pleasant_corner_grove,
          cheibrodos_gnoll_hut, uniq_pargi

Skill      XL: |  1  2 |
---------------+-------+-----
Dodging        | 3 |  3.4
Shapeshifting  | 3 |  3.2
Fighting       | |  1.6
Unarmed Combat | |  3.6

Action                     || total
---------------------------++-------
  Melee: Unarmed           ||   104
         Punch             ||     1
         Bite              ||     7
    Use: Potion            ||     1
   Stab: Sleeping          ||     3
         Distracted        ||     1
 Armour: Skin              ||    39
  Dodge: Dodged            ||    93
